 Dungeon Crawl Stone Soup version 0.12.2-14-g7c90c79 (webtiles) character file.

153052 MarVin the Fighter (level 17, 0/148 HPs)
             Began as a Demonspawn Fighter on Aug 6, 2013.
             Was the Champion of Nemelex Xobeh.
             Killed from afar by a lich (6 damage)
             ... with a bolt of fire
             ... on Level 1 of the Abyss.
             The game lasted 04:07:56 (29622 turns).

MarVin the Fighter (Demonspawn Fighter)            Turns: 29622, Time: 04:07:56

HP   0/148       AC 31     Str 18      XL: 17   Next: 22%
MP  22/24        EV  6     Int 13 (15) God: Nemelex Xobeh [******]
Gold 1956        SH 35     Dex 17      Spells:  1 memorised, 14 levels left

Res.Fire  : + + .   See Invis. : .   i - +0,+1 orc war axe (chop)
Res.Cold  : + . .   Warding    : .   j - +2 plate armour
Life Prot.: . . .   Conserve   : +   M - +3 shield of the Earth {rF+ Int+4}
Res.Poison: .       Res.Corr.  : +   l - +0 wizard hat
Res.Elec. : .       Clarity    : .   r - +2 cloak {rCorr, Cons}
Sust.Abil.: . .     Spirit.Shd : .   u - +0 pair of gloves {Dex+3}
Res.Mut.  : .       Stasis     : .   (boots unavailable)
Res.Rott. : +       Ctrl.Telep.: x   o - amulet of conservation {unknown}
Saprovore : + . .   Flight     : .   e - ring of sustenance
                                     x - +4 ring of protection

@: sage [Axes], slow, somewhat resistant to hostile enchantments, extremely
unstealthy
A: horns 1, talons 3, blurry vision 2, cold resistance 1, deterioration 1, fire
resistance 1, herbivore 3, foul stench 2, -20% mp, +10% hp, saprovore 1,
slowness 1, AC +4, SH +6, Str -3
a: Draw One, Peek at Two, Triple Draw, Deal Four, Stack Five, Renounce Religion


You were on level 1 of the Abyss.
You worshipped Nemelex Xobeh.
Nemelex Xobeh was exalted by your worship.
You were near starving.

You visited 4 branches of the dungeon, and saw 24 of its levels.
You visited the Abyss 1 time.
You also visited: Ice Cave.

You collected 2349 gold pieces.
You spent 413 gold pieces at shops.

Inventory:

Hand weapons
 h - a +1,+2 hand axe of freezing (quivered)
 i - a +0,+1 orcish war axe of chopping (weapon)
 O - the +6,+5 mace of Midsummer {elec, SInv, unknown}
   (You found it on level 4 of the Lair of Beasts)

   Occasionally, upon striking a foe, it will discharge some electrical energy
   and cause terrible harm.
   It enhances your eyesight.
Armour
 f - a +0 dwarven buckler of cold resistance
 j - a +2 plate armour (worn)
 k - a +1 cloak of cold resistance
 l - a +0 wizard hat (worn)
 r - a +2 cloak of preservation (worn)
 u - a +0 pair of gloves of dexterity (worn)
 F - a +1 pair of gauntlets
 M - the +3 shield of the Earth (worn) {rF+ Int+4}
   (You found it on level 5 of the Lair of Beasts)

   It affects your intelligence (+4).
   It protects you from fire.
Magical devices
 a - a wand of fire (0)
 b - a wand of polymorph (6)
 d - a wand of digging (13)
 s - a wand of fireball (1)
 y - a wand of teleportation (0)
 I - a wand of disintegration (8)
Scrolls
 v - 4 scrolls of remove curse
 B - a scroll of identify
 L - 2 scrolls of acquirement {unknown}
Jewellery
 e - a ring of sustenance (right hand)
 o - an amulet of conservation (around neck) {unknown}
 t - an uncursed amulet of clarity {unknown}
 x - a +4 ring of protection (left hand)
 Q - an uncursed ring of sustain abilities
 W - an uncursed amulet of guardian spirit
Potions
 C - 4 potions of curing
 D - 2 potions of agility
 E - a potion of might
 G - 2 potions of restore abilities
 J - a potion of speed
Books
 K - a book of Power

   Spells                             Type                      Level
   Iskenderun's Mystic Blast          Conjuration                  4
   Venom Bolt                         Conjuration/Poison           5
   Bolt of Magma                      Conjuration/Fire/Earth       5
   Poisonous Cloud                    Conjuration/Poison/Air       6
   Iron Shot                          Conjuration/Earth            6
   Orb of Destruction                 Conjuration                  7
Miscellaneous
 c - a legendary deck of escape {drawn: 2}
 m - a plain deck of escape {drawn: 7}
 n - an ornate deck of destruction {drawn: 1}
 p - an ornate deck of summonings {drawn: 1}
 q - an ornate deck of summonings {drawn: 1}
 w - an ornate deck of escape {drawn: 5}
 z - an ornate deck of summonings {drawn: 1}
 A - an ornate deck of summonings {drawn: 2}
 H - a legendary deck of destruction {drawn: 4}
 N - a legendary deck of destruction {drawn: 1}


   Skills:
 - Level 14.0 Fighting
   Level 0.6 Short Blades
 + Level 13.7 Axes
   Level 1.2 Slings
 - Level 13.2 Armour
 - Level 9.0 Dodging
 - Level 12.0 Shields
 - Level 9.1 Traps
   Level 1.2 Summonings
   Level 1.2 Translocations
 - Level 12.0 Evocations


You had 14 spell levels left.
You knew the following spells:

 Your Spells              Type           Power        Failure   Level  Hunger
a - Repel Missiles        Chrm/Air       #.........   100%        2    ###....


Dungeon Overview and Level Annotations

Branches:
Dungeon (11/27)            Temple (1/1) D:4             Orc (4/4) D:10
    Elf (0/3) Orc:4          Lair (8/8) D:10          Swamp (0/5) Lair:3
  Snake (0/5) Lair:4        Slime (0/6) Lair:7

Altars:
Ashenzari
Cheibriados
Elyvilon
Fedhas
Kikubaaqudgha
Makhleb
Nemelex Xobeh
Okawaru
Sif Muna
Trog
Vehumet
Xom
Yredelemnul
Zin
the Shining One
Jiyva

Shops:
D:4: ! D:7: *( D:9: * Orc:3: [ Orc:4: [=[*(

Annotations
D:5 exclusion: statue
Lair:6 exclusion: oklob plant


Innate Abilities, Weirdness & Mutations

You have claws for feet.
You are completely covered in large bone plates (AC +4, SH +6).
Your flesh is cold resistant.
You radiate miasma, and are resistant to rotting and decay.
You are robust (+10% HP).
You can tolerate rotten meat.
You have a pair of small horns on your head.
Your flesh is heat resistant.
You cover ground slowly.
[Your vision is quite blurry.]
[Your body is slowly deteriorating.]
[You are a herbivore.]
[Your magical capacity is very low (-20% MP).]
[You are weak (Str -3).]


Message History

Draw from which deck? (? for menu, Esc to quit)
You draw a card...
It is Warpwright.
The power of the Abyss blocks your magic.
You block the thrashing horror's attack.
The thrashing horror tramples you but does no damage.
The large abomination closely misses you.
Read which item? (? for menu, Esc to quit)
As you read the scroll of blinking, it crumbles to dust.
The power of the Abyss keeps you in your place!
You block the thrashing horror's attack.
You block the small abomination's attack.
The lich gestures wildly while chanting.
The lich barely misses you. The large abomination hits you!
* * * LOW HITPOINT WARNING * * *
A large abomination comes into view.
A large abomination appears in a shower of translocational energy.
The lich casts a spell at you. The bolt of fire hits you! You resist.
You die...
Your body glows with a rainbow of weird colours and disappears.

#..# * ##..##..#..
..... ....§.......
......*...§....#..
..##..##.§# ...#
.##..##RX##...# .
......x....##
.....1.xXX....# .#
..##LW##..#.# #..
#.@# . #
.............#
.............#
##..##..##..## #..
#..# ..# .. ....
.# .... # ##..#
..#


You could see a Hell Sentinel, a lich, a thrashing horror, 2 large abominations,
an efreet, a wraith and 2 small abominations.

Vanquished Creatures
  An orc warlord (Orc:3)
  A tentacled starspawn (Abyss:1)
  Josephine (Orc:3)
  The ghost of Dalarin the Covert, a powerful SpVM of Vehumet (Lair:3)
  4 death yaks
  A wretched star (Abyss:1)
  3 orc high priests (Orc:4)
  A thrashing horror (Abyss:1)
  A catoblepas (Lair:4)
  3 ice devils (IceCv)
  Erolcha (D:9)
  4 orc knights
  A swamp dragon (Lair:3)
  A giant orange brain (Abyss:1)
  A hill giant (D:10)
  3 ice statues
  3 large abominations (Abyss:1)
  Pikel (D:4)
  An orc sorcerer (Orc:4)
  Joseph (D:11)
  A black mamba (Lair:1)
  A red wasp (Lair:3)
  An elephant slug (Lair:7)
  An orange demon (Abyss:1)
  5 elephants (Lair:3)
  5 spiny frogs
  A guardian serpent skeleton (Abyss:1)
  2 hellwings (Abyss:1)
  Psyche (Orc:2)
  2 ancient zymes (Abyss:1)
  A demonic crawler (Abyss:1)
  4 komodo dragons
  2 two-headed ogres
  5 trolls
  A polar bear (Lair:4)
  3 basilisks
  9 blink frogs
  7 blue devils (IceCv)
  A wraith (D:10)
  A wyvern (Lair:5)
  A shark (Lair:5)
  32 yaks
  Eustachio (D:8)
  15 war dogs
  6 hippogriffs
  A vampire mosquito (Lair:5)
  4 neqoxecs (Abyss:1)
  3 hungry ghosts
  3 fire drakes
  3 manticores (D:9)
  3 sky beasts
  A slave (D:4)
  2 boulder beetles
  26 orc warriors
  An orange crystal statue (Lair:2)
  11 ice beasts
  A soldier ant (D:10)
  2 hell hounds (Lair:8)
  4 small abominations
  4 phantoms
  A necrophage (Orc:3)
  9 ogres
  2 yak zombies (D:10)
  9 giant goldfish
  6 centaurs
  2 yellow wasps (Orc:4)
  Sigmund (D:3)
  6 wargs
  6 wolves
  8 giant slugs
  10 giant frogs
  10 crocodiles
  An insubstantial wisp (Lair:5)
  Blork the orc (D:4)
  A brain worm (Abyss:1)
  15 water moccasins
  12 agate snails
  A water moccasin zombie (D:10)
  A centaur skeleton (D:4)
  A giant frog skeleton (D:6)
  2 killer bees
  A water moccasin skeleton (D:5)
  A jellyfish (Lair:8)
  A pulsating lump (D:7)
  2 goliath beetles
  An ogre zombie (D:5)
  20 hounds
  3 starcursed masses (Abyss:1)
  A quasit (D:8)
  12 crimson imps
  A hound zombie (D:6)
  19 orc priests
  2 big fish (Lair:6)
  4 iron imps
  3 scorpions
  11 iguanas
  A deep elf soldier (D:10)
  An orange rat (D:10)
  A worker ant zombie (D:8)
  4 sheep (Lair:1)
  5 jellies
  12 worker ants
  17 orc wizards
  5 porcupines
  Ijyb (D:2)
  A mummy (D:9)
  38 green rats
  An iguana zombie (D:8)
  3 giant centipedes
  6 gnolls
  2 lemures (Abyss:1)
  14 adders
  3 giant mites
  26 white imps
  7 worms
  11 ufetubi
  A giant eyeball (D:5)
  138 orcs
  13 bats
  14 giant cockroaches
  18 hobgoblins
  37 jackals
  14 kobolds
  3 oozes
  13 quokkas
  3 ball pythons
  14 giant geckos
  5 giant newts
  10 goblins
  A goblin skeleton (Orc:3)
  A kobold skeleton (D:5)
  3 orc zombies
  17 rats
  8 fungi
871 creatures vanquished.

Vanquished Creatures (collateral kills)
  2 orc sorcerers (Orc:4)
  A troll (Orc:4)
  A hog (Orc:4)
  An orc warrior (Orc:4)
  A yellow wasp (Orc:4)
  2 orc wizards
  4 orcs (Orc:1)
  An orc zombie (Orc:4)
13 creatures vanquished.

Vanquished Creatures (others)
  A dancing weapon (Orc:4)
  A war dog (Lair:8)
  A hog (Orc:4)
  3 vampire mosquitoes (Lair:5)
  2 yellow wasps (Orc:4)
  A hound (D:4)
  3 sheep (Orc:4)
  2 white imps (IceCv)
  An ufetubus (IceCv)
  An ooze (D:4)
  3 orcs
  A jackal (Lair:4)
  An orc skeleton (Orc:4)
  3 rats
  A fungus (Lair:1)
  2 plants
  4 starspawn tentacles (Abyss:1)
  51 starspawn tentacle segments (Abyss:1)
82 creatures vanquished.

Grand Total: 966 creatures vanquished

Notes
Turn   | Place    | Note
--------------------------------------------------------------
     0 | D:1      | MarVin, the Demonspawn Fighter, began the quest for the Orb.
     0 | D:1      | Reached XP level 1. HP: 18/18 MP: 0/0
   234 | D:1      | Gained mutation: You are partially covered in large bone plates (AC +2, SH +2). [demonic ancestry]
   234 | D:1      | Reached XP level 2. HP: 24/24 MP: 1/1
   772 | D:1      | Gained mutation: You are mostly covered in large bone plates (AC +3, SH +4). [demonic ancestry]
   772 | D:1      | Reached XP level 3. HP: 30/30 MP: 2/2
  1465 | D:2      | Reached XP level 4. HP: 19/36 MP: 3/3
  1816 | D:3      | Noticed Ijyb
  1877 | D:2      | Killed Ijyb
  1964 | D:3      | Reached XP level 5. HP: 31/42 MP: 4/4
  1969 | D:3      | Reached skill level 4 in Axes
  2092 | D:3      | Found a burning altar of Makhleb.
  2188 | D:3      | Noticed Sigmund
  2426 | D:3      | Killed Sigmund
  2735 | D:4      | Noticed Blork the orc
  2765 | D:4      | Killed Blork the orc
  2765 | D:4      | Reached skill level 5 in Axes
  2765 | D:4      | Gained mutation: Your flesh is cold resistant. [demonic ancestry]
  2765 | D:4      | Reached XP level 6. HP: 25/48 MP: 5/5
  2974 | D:4      | Found a staircase to the Ecumenical Temple.
  3153 | D:4      | Noticed a slave
  3156 | D:4      | Noticed a slave
  3202 | D:4      | Killed a slave
  3224 | D:4      | Noticed Pikel
  3224 | D:4      | Noticed a slave
  3279 | D:4      | Killed Pikel
  3279 | D:4      | Reached skill level 7 in Axes
  3279 | D:4      | Reached XP level 7. HP: 25/53 MP: 6/6
  3291 | D:4      | Noticed a freed slave
  3647 | D:4      | Found Qigaudgha's Distillery.
  3677 | D:4      | Bought a potion of heal wounds for 42 gold pieces
  3677 | D:4      | Bought a potion of curing for 28 gold pieces
  3761 | D:4      | Reached skill level 8 in Axes
  3777 | D:4      | Gained mutation: You have sharp toenails. [demonic ancestry]
  3777 | D:4      | Reached XP level 8. HP: 48/60 MP: 7/7
  4141 | D:5      | Entered Level 5 of the Dungeon
  4853 | D:5      | Paralysed by a giant eyeball for 3 turns
  4859 | D:5      | Paralysed by a giant eyeball for 3 turns
  5154 | D:5      | Reached skill level 9 in Axes
  5249 | Temple   | Entered the Ecumenical Temple
  5365 | Temple   | Became a worshipper of Nemelex Xobeh
  5402 | Temple   | Received a gift from Nemelex Xobeh
  5405 | Temple   | Gained mutation: [You digest meat inefficiently.] [helix card]
  5416 | Temple   | Gained mutation: You have supernaturally acute eyesight. [helix card]
  5417 | Temple   | Lost mutation: [You digest meat inefficiently.] [helix card]
  5419 | Temple   | Gained mutation: You cover ground slowly. [helix card]
  5420 | Temple   | Gained mutation: You can tolerate rotten meat. [demonic ancestry]
  5420 | Temple   | Gained mutation: You emit a foul stench, and are resistant to rotting and decay. [demonic ancestry]
  5420 | Temple   | Reached XP level 9. HP: 65/65 MP: 4/17
  5424 | Temple   | Acquired Nemelex Xobeh's first power
  5784 | D:5      | Found a radiant altar of Vehumet.
  5829 | D:6      | Found a white marble altar of Elyvilon.
  5835 | D:6      | Found a radiant altar of Vehumet.
  5948 | D:6      | Reached skill level 1 in Slings
  5979 | D:6      | Received a gift from Nemelex Xobeh
  6159 | D:6      | Paralysed by a potion of paralysis for 3 turns
  6164 | D:6      | Lost mutation: You have supernaturally acute eyesight. [helix card]
  6166 | D:6      | Reached skill level 10 in Evocations
  6166 | D:6      | Gained mutation: You have razor-sharp toenails. [demonic ancestry]
  6166 | D:6      | Reached XP level 10. HP: 72/72 MP: 17/22
  6167 | D:6      | Reached skill level 10 in Axes
  6167 | D:6      | Gained mutation: You radiate miasma, and are resistant to rotting and decay. [demonic ancestry]
  6167 | D:6      | Gained mutation: You are completely covered in large bone plates (AC +4, SH +6). [demonic ancestry]
  6167 | D:6      | Reached XP level 11. HP: 77/77 MP: 17/23
  6202 | D:6      | Reached skill level 10 in Armour
  6202 | D:6      | Gained mutation: You have claws for feet. [demonic ancestry]
  6202 | D:6      | Reached XP level 12. HP: 83/88 MP: 25/25
  6202 | D:6      | Received a gift from Nemelex Xobeh
  6446 | D:6      | Acquired Nemelex Xobeh's second power
  7334 | D:7      | Found Trikh's Weapon Shoppe.
  7338 | D:7      | Found Ufenax's Serpentskin Sales.
  7672 | D:7      | Reached skill level 1 in Translocations
  8148 | D:7      | Received a gift from Nemelex Xobeh
  8166 | D:7      | Gained mutation: Your flesh is heat resistant. [helix card]
  8167 | D:7      | Lost mutation: Your flesh is heat resistant. [helix card]
  8167 | D:7      | Gained mutation: You have a pair of small horns on your head. [helix card]
  8168 | D:7      | Reached skill level 11 in Fighting
  8168 | D:7      | Reached XP level 13. HP: 94/103 MP: 25/25
  8201 | D:7      | Acquired Nemelex Xobeh's third power
  8202 | D:7      | Reached skill level 12 in Armour
  8202 | D:7      | Reached XP level 14. HP: 110/110 MP: 27/27
  8203 | D:7      | Gained mutation: You are robust (+10% HP). [demonic ancestry]
  8203 | D:7      | Reached XP level 15. HP: 110/128 MP: 28/28
  8272 | D:8      | Found a shimmering altar of Xom.
  8405 | D:8      | Noticed Eustachio
  8428 | D:8      | Killed Eustachio
  8966 | D:9      | Reached skill level 13 in Armour
  8966 | D:9      | Reached XP level 16. HP: 136/136 MP: 28/30
  9103 | D:9      | Found Kebaclor's General Store.
  9128 | D:9      | Bought a lemon for 16 gold pieces
  9250 | D:9      | Noticed Erolcha
  9265 | D:9      | Killed Erolcha
  9568 | D:9      | Found a glowing silver altar of Zin.
  9892 | D:10     | Entered Level 10 of the Dungeon
  9981 | D:10     | Reached skill level 1 in Summonings
 10054 | D:10     | Found a staircase to the Orcish Mines.
 10099 | D:10     | Acquired Nemelex Xobeh's fourth power
 10116 | D:10     | Found a staircase to the Lair.
 10428 | D:10     | Received a gift from Nemelex Xobeh
 10924 | D:11     | Noticed Joseph
 10943 | D:11     | Killed Joseph
 11167 | Lair:1   | Entered Level 1 of the Lair of Beasts
 11925 | Lair:1   | Received a gift from Nemelex Xobeh
 13222 | Lair:3   | Found a staircase to the Swamp.
 13546 | Lair:1   | Learned a level 2 spell: Repel Missiles
 13672 | Lair:3   | Noticed Dalarin's ghost (powerful SpVM)
 14330 | Lair:3   | Killed Dalarin's ghost
 14904 | Lair:3   | Acquired Nemelex Xobeh's fifth power
 15015 | Lair:3   | Received a gift from Nemelex Xobeh
 16205 | Lair:4   | Found a staircase to the Snake Pit.
 17139 | Lair:4   | Reached skill level 14 in Fighting
 17265 | Lair:4   | Received a gift from Nemelex Xobeh
 17393 | Lair:2   | Received a gift from Nemelex Xobeh
 17563 | Lair:4   | Reached skill level 1 in Traps
 17753 | Lair:5   | Got a twisted shield
 17765 | Lair:5   | Identified the cursed +3 shield of the Earth {rF+ Int+4} (You found it on level 5 of the Lair of Beasts)
 18109 | Lair:5   | Received a gift from Nemelex Xobeh
 19697 | Lair:6   | Found a blossoming altar of Fedhas.
 20225 | Lair:7   | Received a gift from Nemelex Xobeh
 20341 | Lair:7   | Reached skill level 5 in Traps
 20501 | Lair:7   | Found a staircase to the Slime Pits.
 20502 | Lair:7   | Found a viscous altar of Jiyva.
 20909 | Lair:8   | Entered Level 8 of the Lair of Beasts
 22831 | Orc:1    | Entered Level 1 of the Orcish Mines
 22871 | D:10     | Received a gift from Nemelex Xobeh
 23403 | Orc:1    | Reached XP level 17. HP: 148/148 MP: 31/31
 23439 | Orc:1    | Received a gift from Nemelex Xobeh
 23625 | Orc:1    | Received a gift from Nemelex Xobeh
 24150 | Orc:1    | Received a gift from Nemelex Xobeh
 24369 | Orc:2    | Noticed Psyche
 24442 | Orc:2    | Killed Psyche
 24492 | Orc:2    | Received a gift from Nemelex Xobeh
 24702 | Orc:3    | Noticed Josephine
 24710 | Orc:3    | Killed Josephine
 24785 | Orc:3    | Found Beoghade's Antique Armour Emporium.
 24818 | Orc:3    | Bought a pair of runed gloves for 24 gold pieces
 25023 | Orc:3    | Received a gift from Nemelex Xobeh
 25030 | Orc:3    | Found a frozen archway.
 25045 | IceCv    | Entered an ice cave
 25065 | IceCv    | Gained mutation: [You digest meat inefficiently.] [potion of mutation]
 25065 | IceCv    | Gained mutation: You are clumsy (Dex -1). [potion of mutation]
 26227 | Orc:3    | Lost mutation: You cover ground slowly. [helix card]
 26230 | Orc:3    | Lost mutation: You are clumsy (Dex -1). [helix card]
 26330 | Orc:4    | Entered Level 4 of the Orcish Mines
 26330 | Orc:4    | Found Pulahau's Jewellery Emporium.
 26753 | Orc:4    | Found a staircase to the Elven Halls.
 26780 | Orc:4    | Received a gift from Nemelex Xobeh
 27150 | Orc:4    | Received a gift from Nemelex Xobeh
 27492 | Orc:4    | Found Ciamasta's Antique Armour Shop.
 27509 | Orc:4    | Bought a glowing cloak for 25 gold pieces
 27530 | Orc:4    | Received a gift from Nemelex Xobeh
 27575 | Orc:4    | Identified a +2 cloak of preservation (You bought it in a shop on level 4 of the Orcish Mines)
 27670 | Orc:4    | Found Byefirph's General Store.
 27693 | Orc:4    | Bought a potion of curing for 32 gold pieces
 27770 | Orc:4    | Found Usugam's Armour Shop.
 27799 | Orc:4    | Found Jualor's Antique Weapon Shop.
 27927 | Orc:4    | Bought a bloodstained spear for 246 gold pieces
 27928 | Orc:4    | Identified the spear "Graidumma" {drain, Dex+3 Int-1} (You bought it in a shop on level 4 of the Orcish Mines)
 28205 | Lair:1   | Received a gift from Nemelex Xobeh
 28526 | Lair:4   | Received a gift from Nemelex Xobeh
 28555 | Lair:4   | Got a bloodstained mace
 28590 | Lair:5   | XOM: divination: detect creatures
 28853 | Lair:1   | Cast into the Abyss (drawing a card)
 28931 | Abyss:1  | Gained mutation: [You are weak (Str -1).] [a neqoxec]
 28984 | Abyss:1  | Noticed a daeva
 28994 | Abyss:1  | Noticed a bone dragon
 29036 | Abyss:1  | Gained mutation: Your flesh is heat resistant. [a neqoxec]
 29068 | Abyss:1  | Gained mutation: You cover ground slowly. [a neqoxec]
 29114 | Abyss:1  | Gained mutation: [Your magical capacity is low (-10% MP).] [a neqoxec]
 29255 | Abyss:1  | Paralysed by accursed screaming for 1 turns
 29257 | Abyss:1  | Received a gift from Nemelex Xobeh
 29515 | Abyss:1  | Paralysed by you for 5 turns
 29615 | Abyss:1  | Noticed a lich
 29621 | Abyss:1  | HP: 5/148 [large abomination (7)]
 29622 | Abyss:1  | Noticed a Hell Sentinel
 29622 | Abyss:1  | Killed from afar by a lich

Action                   |  1- 3 |  4- 6 |  7- 9 | 10-12 | 13-15 | 16-18 || total
-------------------------+-------+-------+-------+-------+-------+-------++-------
Melee: Hand axe          |   121 |   282 |   349 |   233 |   156 |  2195 ||  3336
       Demon whip        |       |       |       |       |       |    45 ||    45
       War axe           |       |       |       |       |       |   764 ||   764
       Spear             |       |       |       |       |       |     1 ||     1
Invok: Triple Draw       |       |       |       |       |     1 |     2 ||     3
       Draw One          |       |       |       |       |       |    94 ||    94
       Deal Four         |       |       |       |       |       |     1 ||     1
Evoke: Deck              |       |       |    18 |    15 |     3 |       ||    36
       Wand              |       |       |       |     6 |       |    39 ||    45
       Miscellaneous     |       |       |       |       |       |     1 ||     1
  Use: Scroll            |     5 |     2 |     4 |     2 |     2 |    14 ||    29
       Potion            |       |     1 |     1 |       |       |    11 ||    13
 Stab: Petrified         |       |       |       |       |       |     1 ||     1
       Distracted        |       |       |       |       |       |     2 ||     2
       Paralysed         |       |       |       |       |       |     2 ||     2
